 Dungeon Crawl Stone Soup version 0.21-a0-125-gb006224 (webtiles) character file.

3933 sagitran the Cleaver (level 10, -1/77 HPs)
             Began as a Demonspawn Abyssal Knight on July 14, 2017.
             Was an Elder of Lugonu.
             Splashed by a jelly's acid (9 damage)
             ... on level 8 of the Dungeon on July 15, 2017.
             The game lasted 00:51:44 (10329 turns).

sagitran the Cleaver (Demonspawn Abyssal Knight)   Turns: 10329, Time: 00:51:45

Health: -1/77      AC: -1    Str: 17    XL:     10   Next: 1%
Magic:  11/11      EV: 13    Int: 13    God:    Lugonu [****..]
Gold:   147        SH:  0    Dex: 20    Spells: 7/10 levels left

rFire    . . .     SeeInvis .   a - +2 hand axe
rCold    . . .     Gourm    .   (no shield)
rNeg     . . .     Faith    .   A - +0 ring mail (curse)
rPois    .         Spirit   .   (helmet restricted)
rElec    .         Reflect  .   t - +0 cloak
rCorr    .         Harm     .   e - +0 pair of gloves
MR       .....     Clarity  +   (no boots)
Stlth    +++.......             l - amulet of rage
HPRegen  0.22/turn              p - +2 ring of strength
MPRegen  0.12/turn              n - +6 ring of dexterity

@: corroded, drained
A: horns 2, yellow scales 1, clarity, nightstalker 1, wild magic 1, rot immunity
a: Depart the Abyss, Bend Space, Banish, Corrupt, Renounce Religion, Evoke
Berserk Rage


You were on level 8 of the Dungeon.
You worshipped Lugonu.
Lugonu was greatly pleased with you.
You were not hungry.

You visited 1 branch of the dungeon, and saw 11 of its levels.
You visited the Abyss 1 time.

You collected 447 gold pieces.
You spent 300 gold pieces at shops.

Inventory:

Hand Weapons
 a - a +2 hand axe (weapon)
 s - a +0 battleaxe
Missiles
 i - 6 tomahawks (quivered)
 j - 2 curare-tipped needles
Armour
 e - a +0 pair of gloves (worn)
 t - a +0 cloak (worn)
 A - a cursed +0 ring mail (worn)
Jewellery
 d - an uncursed ring of protection from magic
 h - an uncursed ring of wizardry
 l - an amulet of rage (around neck)
 n - a +6 ring of dexterity (right hand)
 p - a +2 ring of strength (left hand)
 C - an uncursed ring of stealth
Wands
 k - a wand of disintegration (0/24)
 u - a wand of random effects (0/48)
 B - a wand of iceblast (0/15)
Scrolls
 f - 5 scrolls of magic mapping
 m - 2 scrolls of teleportation
 q - a scroll of fog {unknown}
 x - 3 scrolls of amnesia
 y - a scroll of enchant armour
 E - 3 scrolls of immolation
Potions
 c - a potion of mutation
 g - a potion of resistance
 D - a potion of cancellation
Books
 b - a book of Frost

   Spells                             Type                      Level
   a - Freeze                         Ice                          1
   b - Throw Frost                    Conjuration/Ice              2
   c - Ozocubu's Armour               Charms/Ice                   3
   d - Throw Icicle                   Conjuration/Ice              4
   e - Summon Ice Beast               Ice/Summoning                4
 o - a book of Callings

   Spells                             Type                      Level
   a - Summon Small Mammal            Summoning                    1
   b - Call Imp                       Summoning                    2
   c - Call Canine Familiar           Summoning                    3
   d - Summon Guardian Golem          Hexes/Summoning              3
   e - Summon Lightning Spire         Summoning/Air                4
   f - Summon Ice Beast               Ice/Summoning                4
 v - a book of Air

   Spells                             Type                      Level
   a - Shock                          Conjuration/Air              1
   b - Swiftness                      Charms/Air                   2
   c - Static Discharge               Conjuration/Air              3
   d - Airstrike                      Air                          4
   e - Lightning Bolt                 Conjuration/Air              5
Comestibles
 r - 5 meat rations
 w - a royal jelly
 z - 2 bread rations


   Skills:
 + Level 6.3(5.5) Fighting
 + Level 8.3(7.5) Axes
 + Level 0.8(0.2) Throwing
 + Level 6.0(5.3) Armour
 + Level 4.1(3.4) Dodging
 + Level 4.2(3.4) Stealth
 + Level 0.8(0.2) Spellcasting
 + Level 1.2(0.5) Conjurations
 + Level 0.4(0.0) Summonings
 + Level 1.0(0.3) Air Magic
 + Level 2.6(1.9) Invocations
 + Level 2.5(1.8) Evocations


You had 7 spell levels left.
You knew the following spells:

 Your Spells              Type           Power        Failure   Level  Hunger
a - Shock                 Conj/Air       #...         50%         1    ##.....
b - Call Imp              Summ           #.......     71%         2    ###....


Dungeon Overview and Level Annotations

Branches:
Dungeon (11/15)            Temple (0/1) D:7
   Lair: D:8-11         Orc: D:9-12

Altars:
Ashenzari
Dithmenos
Elyvilon
Hepliaklqana
Kikubaaqudgha
Makhleb
Okawaru
Ru
Trog
Wu Jian
Xom
The Shining One

Shops:
D:6 !


Innate Abilities, Weirdness & Mutations

You have a pair of horns on your head.
You are partially covered in yellow scales. (AC +2)
You are slightly more attuned to the shadows.
You are immune to rotting.
You possess an exceptional clarity of mind.
Your spells are a little harder to cast, but a little more powerful.


Message History

You hit the jelly. The acid corrodes you!
Your hands burn!
You hit the jelly but do no damage. The acid corrodes you!
Your hands burn!
The jelly barely misses you. The jelly hits you. The acid corrodes you!
You are splashed with acid!
The acid burns!
The ooze misses you.
You hit the ooze but do no damage.
The ooze is moderately wounded.
You hit the jelly.
Your hands burn!
You hit the jelly.
Your hands burn!
The jelly misses you. The ooze closely misses you. The jelly hits you.
You are splashed with acid!
The acid burns!
* * * LOW HITPOINT WARNING * * *
You hit the ooze. Your headbutt misses the ooze.
The ooze is heavily wounded.
You hit the jelly but do no damage.
Your hands burn!
* * * LOW HITPOINT WARNING * * *
You hit the jelly but do no damage.
Your hands burn!
* * * LOW HITPOINT WARNING * * *
The jelly misses you. The ooze barely misses you. The jelly hits you.
* * * LOW HITPOINT WARNING * * *
You are splashed with acid!
The acid burns!
You die...

.##......#
###.###..##..#
.#...#####
#..##..# ..#
.##.....#
##.##..# ##
.###....##
#.#...# .#
###...#
####...#.# .###
##.## #≈.#####.#
_#.# #.# ###
#≈.# #..# ##.#
###
#...#J.###.##
...# #.'J@.##(#
...#
#...#J.((..##
...#
#####≈..#....#
...###
#≈)))......#
.....#
.....))........#
...#.....
...............#
..=######
...............#
####
.(............##
....#...##...


You could see 2 jellies and an ooze.

Vanquished Creatures
  Joseph (D:7)
  The ghost of junkhipster the Cudgeler, an amateur FoFi of Uskayaw (D:6)
  A hungry ghost (D:7)
  Eustachio (D:4)
  Menkaure (D:5)
  An orc warrior (D:6)
  2 ice beasts (D:5)
  A sky beast (D:8)
  2 phantoms (D:7)
  A hornet zombie (D:8)
  5 ogres
  4 centaurs
  A big kobold (D:8)
  2 bullfrogs
  A water moccasin zombie (D:6)
  A scorpion (D:6)
  3 wights (D:8)
  2 howler monkeys (D:5)
  A centaur zombie (D:8)
  4 crimson imps
  3 hounds
  2 jellies
  A bullfrog skeleton (D:6)
  3 orc priests
  2 centaur skeletons
  An orc wizard (D:6)
  4 iguanas
  6 worker ants
  A hound skeleton (D:6)
  2 howler monkey zombies (D:8)
  7 gnolls
  16 adders
  2 shadow imps
  5 oozes
  2 adder skeletons
  2 worms
  4 dart slugs
  12 leopard geckos
  11 orcs
  3 ball pythons
  9 bats
  4 giant cockroaches
  7 goblins
  8 hobgoblins
  9 jackals
  3 quokkas
  2 frilled lizards
  12 kobolds
  A leopard gecko skeleton (D:6)
  2 leopard gecko zombies
  A quokka skeleton (D:5)
  5 rats
188 creatures vanquished.

Vanquished Creatures (others)
  A crimson imp (D:5)
1 creature vanquished.

Grand Total: 189 creatures vanquished

Notes
Turn   | Place    | Note
-------+----------+-------------------------------------------
     0 | Abyss:1  | sagitran the Demonspawn Abyssal Knight began the quest for the Orb.
     0 | Abyss:1  | Reached XP level 1. HP: 18/18 MP: 2/2
     8 | D:1      | Escaped the Abyss
   161 | D:1      | Reached skill level 1 in Dodging
   359 | D:1      | Reached skill level 2 in Axes
   382 | D:1      | Gained mutation: You are slightly more attuned to the shadows. [demonic ancestry]
   382 | D:1      | Reached XP level 2. HP: 22/24 MP: 3/3
  1107 | D:1      | Gained mutation: You are immune to rotting. [demonic ancestry]
  1107 | D:1      | Reached XP level 3. HP: 24/29 MP: 4/4
  1533 | D:1      | Reached ** piety under Lugonu
  1787 | D:2      | Found an ornate altar of the Wu Jian Council.
  2056 | D:2      | Gained mutation: You have a pair of small horns on your head. [demonic ancestry]
  2056 | D:2      | Reached XP level 4. HP: 19/37 MP: 5/5
  2709 | D:2      | Reached skill level 3 in Axes
  3352 | D:3      | Found a faded altar of an unknown god.
  3544 | D:3      | Gained mutation: You have a pair of horns on your head. [demonic ancestry]
  3544 | D:3      | Reached XP level 5. HP: 39/42 MP: 6/6
  3750 | D:5      | Entered Level 5 of the Dungeon
  3877 | D:3      | Learned a level 1 spell: Shock
  3925 | D:4      | Reached skill level 1 in Stealth
  4239 | D:4      | Found a sacrificial altar of Ru.
  4385 | D:4      | Noticed Eustachio
  4401 | D:4      | Killed Eustachio
  4401 | D:4      | Reached XP level 6. HP: 10/48 MP: 7/7
  4616 | D:4      | Reached skill level 4 in Axes
  4668 | D:5      | Found a shadowy altar of Dithmenos.
  4755 | D:4      | Found a hazy altar of Hepliaklqana.
  4756 | D:4      | Found a shimmering altar of Xom.
  4756 | D:4      | Noticed a hell beast
  4757 | D:4      | Noticed a spectral ugly thing
  4757 | D:4      | Noticed a hell beast
  4800 | D:5      | Noticed an ice beast
  4815 | D:5      | Killed an ice beast
  4823 | D:5      | Reached XP level 7. HP: 43/54 MP: 8/8
  4917 | D:5      | Reached skill level 1 in Conjurations
  4917 | D:5      | Reached skill level 1 in Evocations
  5122 | D:5      | Reached skill level 1 in Air Magic
  5131 | D:5      | Reached *** piety under Lugonu
  5362 | D:5      | Reached skill level 5 in Axes
  5714 | D:5      | Reached XP level 8. HP: 43/61 MP: 9/9
  5880 | D:5      | Noticed Menkaure
  5893 | D:5      | Killed Menkaure
  6601 | D:6      | Learned a level 2 spell: Call Imp
  6632 | D:6      | Reached skill level 5 in Armour
  6678 | D:7      | Noticed Joseph
  6695 | D:6      | Reached skill level 6 in Axes
  7248 | D:6      | Found Nifamuqusy's Distillery.
  7261 | D:6      | Bought a potion of mutation for 120 gold pieces
  7261 | D:6      | Gained mutation: You tend to lose your temper in combat. [potion of mutation]
  7261 | D:6      | Lost mutation: You tend to lose your temper in combat. [potion of mutation]
  7261 | D:6      | Gained mutation: Your spells are a little harder to cast, but a little more powerful. [potion of mutation]
  7261 | D:6      | Gained mutation: You possess an exceptional clarity of mind. [potion of mutation]
  7331 | D:6      | Bought a potion of might for 60 gold pieces
  7331 | D:6      | Bought a potion of cancellation for 120 gold pieces
  7379 | D:6      | Found a white marble altar of Elyvilon.
  7425 | D:6      | Found a shattered altar of Ashenzari.
  7673 | D:6      | Reached skill level 5 in Fighting
  7857 | D:6      | Noticed junkhipster's ghost (amateur FoFi)
  7882 | D:6      | Killed junkhipster's ghost
  7882 | D:6      | Gained mutation: You are partially covered in yellow scales. (AC +2) [demonic ancestry]
  7882 | D:6      | Reached XP level 9. HP: 13/68 MP: 10/10
  7990 | D:6      | Reached **** piety under Lugonu
  8511 | D:7      | Killed Joseph
  8659 | D:7      | Found a staircase to the Ecumenical Temple.
  8677 | D:7      | Reached skill level 7 in Axes
  9244 | D:10     | Entered Level 10 of the Dungeon
  9534 | D:8      | Reached skill level 8 in Axes
  9983 | D:8      | Found a bloodstained altar of Trog.
  9999 | D:8      | Found an iron altar of Okawaru.
 10004 | D:8      | Found a burning altar of Makhleb.
 10014 | D:8      | Found a glowing golden altar of the Shining One.
 10020 | D:8      | Found an ancient bone altar of Kikubaaqudgha.
 10194 | D:8      | Reached XP level 10. HP: 53/76 MP: 11/11
 10329 | D:8      | Splashed by a jelly's acid

Vault maps used:
D:1:      mushboom_english_gardens
D:2:      minmay_door_path, lemuel_tele_altar
D:3:      chequers_ecumenical_altar_grove
D:4:      regret_index_temple_of_mockery, nicolae_ru_path_of_blood,
          uniq_eustachio
D:5:      lemuel_crystal_altar, first_bread, hangedman_minor_gate_pass,
          uniq_menkaure
D:6:      marbit_many_paths, ashenzari_conservatory_becter, serial_shops, shop
D:7:      minmay_temple_entry_statues_pillars, nrook_loot_triangle, uniq_joseph
D:8:      minmay_overflow_temple_star_hex, hangedman_little_slice_of_home
D:9:      gammafunk_temple_overflow_statue, erik_lair_dragon
D:10:     kennysheep_another_room, uniq_erolcha
D:11:     uniq_nergalle
Abyss:1:  hangedman_abyss_stitches_cave

Skill      XL: |  1  2  3  4  5  6  7  8  9 |
---------------+----------------------------+-----
Dodging        | 1 2 3 4 |  4.1
Axes           | 2 3 4 5 6 8 |  8.3
Armour         | 2 3 4 5 6 |  6.0
Stealth        | 1 2 3 4 |  4.2
Fighting       | 4 5 6 |  6.3
Conjurations   | 1 |  1.2
Evocations     | 1 2 |  2.5
Air Magic      | 1 |  1.0
Throwing       | |  0.8
Spellcasting   | |  0.8
Summonings     | |  0.4
Invocations    | |  2.6

Action                   |  1- 3 |  4- 6 |  7- 9 | 10-12 || total
-------------------------+-------+-------+-------+-------++-------
Melee: Hand axe          |   126 |   112 |   432 |    16 ||   686
       Headbutt          |       |    22 |   104 |     4 ||   130
Throw: Tomahawk          |       |       |     9 |       ||     9
 Cast: Shock             |       |     7 |       |       ||     7
 Abil: Evoke Berserk Rag |       |       |     1 |       ||     1
Evoke: Wand              |       |     9 |    19 |       ||    28
  Use: Scroll            |       |    11 |     7 |       ||    18
       Potion            |       |     2 |     8 |       ||    10
 Stab: Sleeping          |     1 |     5 |    11 |       ||    17
       Distracted        |       |       |     2 |       ||     2
  Eat: Bread ration      |     1 |     2 |     3 |       ||     6
       Meat ration       |       |       |     2 |       ||     2
       Royal jelly       |       |       |       |     1 ||     1
Armor: Leather armour    |    41 |    15 |       |       ||    56
       Ring mail         |       |    25 |   138 |     5 ||   168
       Skin              |       |    29 |       |       ||    29
Dodge: Dodged            |   129 |    69 |   279 |    15 ||   492
